[Event "Titled Tuesday Blitz December 14 2021"]
[White "Gheorghiu, Calin"]
[Black "Goltseva, Ekaterina"]
[WhiteFideId "1200305"]
[BlackFideId "24173770"]
[WhiteElo "2213"]
[BlackElo "2163"]
[Result "1-0"]
[Round "06"]
[TimeControl "180+1"]
[Date "2021.12.15"]
[WhiteClock "0:00:17"]
[BlackClock "0:00:13"]

1. e4 e5 2. Nf3 Nc6 3. Bb5 a6 4. Ba4 Nf6 5. d3 d6 6. c3 Bd7 7. O-O g6 8. Bg5 Bg7 9. Re1 h6 10. Bh4 g5 11. Bg3 Nh5 12. Nbd2 Nf4 13. Nf1 h5 14. Bxf4 gxf4 15. d4 b5 16. Bb3 Qf6 17. Bd5 Rb8 18. Bxc6 Bxc6 19. dxe5 dxe5 20. N1d2 O-O 21. Nb3 Rfd8 22. Qe2 Bf8 23. Rad1 Bd6 24. Rd2 Bd7 25. Red1 Be6 26. h3 Bc4 27. Qe1 b4 28. cxb4 Rxb4 29. Na5 Bb5 30. a3 Ra4 31. Nb7 Rd7 32. Nc5 Bxc5 33. Rxd7 Bd6 34. R7xd6 cxd6 35. Qd2 Rxe4 36. Qd5 Re2 37. b3 Rb2 38. a4 Be2 39. Rc1 Qe6 40. Qxe6 fxe6 41. Ng5 Rxb3 42. Rc7 d5 43. Nh7 d4 44. Nf6+ Kf8 45. Rd7 Bd3 46. Nxh5 Bf5 47. Nf6 Rb1+ 48. Kh2 d3 49. h4 Rd1 50. h5 d2 51. h6 e4 52. h7 Bxh7 53. Nxh7+ Ke8 54. Nf6+ Kf8 55. Nxe4 Re1 56. Nxd2 Ke8 57. Rd4 Re2 58. Ne4 e5 59. Rc4 Ra2 60. f3 Ke7 61. Kh3 Ke6 62. Kg4 Kd5 63. Rc5+ Kd4 64. Ra5 Rxg2+ 65. Kf5 Rh2 66. Rxa6 Rh5+ 67. Kg4 Rh1 68. Rc6 Ke3 69. Rc3+ Kd4 70. Ra3 Rg1+ 71. Kf5 Rg7 72. a5 Ra7 73. a6 Kd5 74. Kf6 Kd4 75. Ke6 Kc4 76. Kxe5 Kb4 77. Ra1 Kc4 78. Kxf4 Kb4 79. Ke3 Kc4 80. f4 Kb4 81. f5 Kc4 82. f6 Kb4 83. f7 Kc4 84. f8=Q Kb3 85. Qb8+ Kc4 86. Qxa7 Kb3 87. Qb6+ Kc4 88. Qc5+ Kb3 89. Qc3# 1-0


[Site "https://www.chess.com"]

[Event "Titled Tuesday Blitz December 14 2021"]
[White "Ghimpu, Samuel-Timotei"]
[Black "Makarian, Rudik"]
[WhiteFideId "1238175"]
[BlackFideId "44105681"]
[WhiteElo "2012"]
[BlackElo "2486"]
[Result "0-1"]
[Round "06"]
[TimeControl "180+1"]
[Date "2021.12.14"]
[WhiteClock "0:00:09"]
[BlackClock "0:00:55"]

1. b3 d5 2. Bb2 Bg4 3. f3 Bf5 4. h4 h5 5. Nh3 Bxh3 6. Rxh3 e6 7. e3 Be7 8. g3 Bf6 9. d4 Ne7 10. Nc3 c5 11. dxc5 Qa5 12. Qd2 Nbc6 13. Na4 Qc7 14. Bxf6 gxf6 15. Kf2 Rg8 16. Nc3 a6 17. Be2 Rd8 18. Na4 Nf5 19. c3 Rxg3 20. Rah1 Ke7 21. Bd3 Rdg8 22. Bf1 Ne5 23. Rxg3 Rxg3 24. Bg2 Nxf3 25. Bxf3 Rxf3+ 26. Kxf3 Qg3+ 27. Ke2 Qg2+ 28. Kd3 Qe4+ 29. Ke2 Qxh1 30. Qd3 Qxh4 31. c6 bxc6 32. Qxa6 Qh2+ 33. Kd3 Qg2 34. Qa7+ Kf8 35. Nc5 Qf1+ 36. Kd2 Qf2+ 37. Kd1 Nxe3+ 0-1


[Site "https://www.chess.com"]

[Event "Titled Tuesday Blitz December 14 2021"]
[White "Grigoriants, Sergey"]
[Black "Petrovskyi, Vadym"]
[WhiteFideId "4130804"]
[BlackFideId "14165210"]
[WhiteElo "2502"]
[BlackElo "2377"]
[Result "0-1"]
[Round "06"]
[TimeControl "180+1"]
[Date "2021.12.14"]
[WhiteClock "0:00:04"]
[BlackClock "0:00:27"]

1. e4 c5 2. Nf3 d6 3. d4 cxd4 4. Nxd4 Nf6 5. Nc3 a6 6. a4 e5 7. Nf3 Be7 8. Bc4 O-O 9. O-O Qc7 10. Qe2 Be6 11. Bb3 Nbd7 12. Be3 h6 13. Rfd1 Rac8 14. Nh4 Nc5 15. Bxe6 fxe6 16. Ng6 Rfe8 17. Nxe7+ Qxe7 18. f3 Red8 19. Bf2 d5 20. exd5 exd5 21. b4 Nce4 22. Nxd5 Rxd5 23. fxe4 Rxd1+ 24. Rxd1 Qxb4 25. h3 Qxa4 26. Rb1 b5 27. Bg3 Qxe4 28. Qxe4 Nxe4 29. Bxe5 Rxc2 30. Rd1 b4 31. Rd7 Nf6 32. Rb7 a5 33. Rb5 Ra2 34. Bc7 Ne4 35. Bxa5 b3 0-1


[Site "https://www.chess.com"]

[Event "Titled Tuesday Blitz December 14 2021"]
[White "Gunduz, Umut Erdem"]
[Black "Ozen, Bahadir"]
[WhiteFideId "6381383"]
[BlackFideId "6337058"]
[WhiteElo "2096"]
[BlackElo "2503"]
[Result "1/2-1/2"]
[Round "06"]
[TimeControl "180+1"]
[Date "2021.12.15"]
[WhiteClock "0:00:04"]
[BlackClock "0:00:03"]

1. e4 c6 2. d4 d5 3. Nd2 dxe4 4. Nxe4 Bf5 5. Ng3 Bg6 6. h4 h6 7. Nf3 Nd7 8. h5 Bh7 9. Bd3 Bxd3 10. Qxd3 e6 11. Bd2 Be7 12. O-O-O Ngf6 13. Qe2 c5 14. Nf1 Rc8 15. g4 cxd4 16. Nxd4 Qb6 17. Be3 Nd5 18. Nf5 Nxe3 19. N1xe3 Nf6 20. Nxe7 Kxe7 21. f4 Rhd8 22. g5 Ne4 23. Nc4 Ng3 24. Qe5 Rxc4 25. Rxd8 Qxd8 26. Qxg7 Nf5 27. Qf6+ Ke8 28. Qh8+ Ke7 29. Qf6+ Ke8 30. Qh8+ Ke7 31. Qf6+ 1/2-1/2


[Site "https://www.chess.com"]

[Event "Titled Tuesday Blitz December 14 2021"]
[White "Holt, Conrad"]
[Black "Supatashvili, Khvicha"]
[WhiteFideId "2034387"]
[BlackFideId "13600664"]
[WhiteElo "2586"]
[BlackElo "2712"]
[Result "1-0"]
[Round "06"]
[TimeControl "180+1"]
[Date "2021.12.14"]
[WhiteClock "0:01:29"]
[BlackClock "0:00:17"]

1. d4 Nf6 2. c4 e6 3. Nc3 Bb4 4. Qc2 O-O 5. e4 d5 6. e5 Ne4 7. Bd3 c5 8. Nf3 cxd4 9. Nxd4 Nd7 10. Bf4 Bxc3+ 11. bxc3 Ndc5 12. O-O Nxd3 13. Qxd3 b6 14. cxd5 exd5 15. Rad1 Qd7 16. f3 Nc5 17. Qd2 Ne6 18. Be3 Nxd4 19. Bxd4 Qf5 20. h4 h5 21. Kh2 Qg6 22. Rg1 Bf5 23. Qf4 Rac8 24. g4 hxg4 25. fxg4 Be4 26. h5 Qe6 27. Rdf1 b5 28. Qg5 b4 29. Rf6 Qd7 30. h6 g6 31. h7+ Kxh7 32. e6 fxe6 33. Rf7+ Rxf7 34. Qh4+ 1-0


[Site "https://www.chess.com"]

[Event "Titled Tuesday Blitz December 14 2021"]
[White "Ibrahimli, Murad"]
[Black "Pichot, Alan"]
[WhiteFideId "13410229"]
[BlackFideId "110973"]
[WhiteElo "2109"]
[BlackElo "2629"]
[Result "1/2-1/2"]
[Round "06"]
[TimeControl "180+1"]
[Date "2021.12.14"]
[WhiteClock "0:00:05"]
[BlackClock "0:00:08"]

1. d4 Nf6 2. c4 e6 3. Nf3 d5 4. Nc3 Bb4 5. Bg5 h6 6. Bxf6 Qxf6 7. Qa4+ Nc6 8. e3 O-O 9. Be2 dxc4 10. Bxc4 Bxc3+ 11. bxc3 Bd7 12. O-O Qe7 13. Be2 Ne5 14. Qb3 Nxf3+ 15. Bxf3 Rab8 16. Qb4 Qxb4 17. cxb4 Rfc8 18. a4 Kf8 19. Rfc1 Ke7 20. Kf1 c6 21. a5 Kd6 22. Ke2 Rc7 23. Kd2 Rbc8 24. Be4 e5 25. Kc3 Be6 26. Rd1 exd4+ 27. Rxd4+ Ke7 28. Rd2 Rd7 29. Rad1 Rxd2 30. Rxd2 b6 31. axb6 axb6 32. Rd1 Rc7 33. Ra1 Kd6 34. Ra6 Rb7 35. Kd4 Rb8 36. f4 f5 37. Bf3 g5 38. h3 Rb7 39. b5 c5+ 40. Kc3 Bd5 41. fxg5 Bxf3 42. gxf3 hxg5 43. f4 gxf4 44. exf4 Kd5 45. Ra8 Ke4 46. Kc4 Kxf4 47. Kd5 Rh7 48. Rb8 Rh6 49. Rc8 Kg3 50. Rc6 Rh5 51. Rxb6 f4+ 52. Kc4 f3 53. Rf6 Rh4+ 54. Kxc5 f2 55. b6 Rxh3 56. b7 Rh8 57. Kc6 Kg2 58. Kc7 f1=Q 59. Rxf1 Kxf1 60. b8=Q Rxb8 61. Kxb8 1/2-1/2


[Site "https://www.chess.com"]

[Event "Titled Tuesday Blitz December 14 2021"]
[White "Jobava, Baadur"]
[Black "Sipila, Vilka"]
[WhiteFideId "13601520"]
[BlackFideId "505455"]
[WhiteElo "2689"]
[BlackElo "2334"]
[Result "1-0"]
[Round "06"]
[TimeControl "180+1"]
[Date "2021.12.14"]
[WhiteClock "0:00:55"]
[BlackClock "0:00:02"]

1. b3 e5 2. Bb2 Nc6 3. Nf3 e4 4. Nd4 Nf6 5. e3 Nxd4 6. Bxd4 Be7 7. c4 O-O 8. Nc3 Re8 9. Rc1 c6 10. g4 d5 11. g5 Bg4 12. Be2 Bxe2 13. Qxe2 Nd7 14. cxd5 c5 15. Bxg7 Kxg7 16. Nxe4 Ne5 17. d6 Bxd6 18. Nf6 Re6 19. f4 Nd7 20. Nh5+ Kg8 21. O-O h6 22. h4 Rg6 23. f5 Rg7 24. Nxg7 Kxg7 25. f6+ Kg8 26. Qh5 Bf8 27. Rf5 Qa5 28. Rd5 Nb6 29. Rcxc5 Bxc5 30. gxh6 Kh8 31. Qg4 Rg8 32. Qg7+ Rxg7+ 33. hxg7+ Kh7 34. Rh5+ Kg6 35. g8=Q+ Kxf6 36. Qg5+ Ke6 37. Qxc5 Qxd2 38. Re5+ Kf6 39. Qe7+ Kg6 40. Rg5+ Kh7 41. Qxf7+ Kh6 42. Qg7# 1-0


[Site "https://www.chess.com"]

[Event "Titled Tuesday Blitz December 14 2021"]
[White "Kamsky, Gata"]
[Black "Tsvetkov, Andrey"]
[WhiteFideId "2000024"]
[BlackFideId "34139360"]
[WhiteElo "2645"]
[BlackElo "2280"]
[Result "0-1"]
[Round "06"]
[TimeControl "180+1"]
[Date "2021.12.14"]
[WhiteClock "0:00:01"]
[BlackClock "0:00:31"]

1. e4 c5 2. Nc3 d6 3. Nf3 Nf6 4. Bc4 e6 5. O-O Nbd7 6. a3 a6 7. Ba2 Be7 8. d3 Qc7 9. Re1 O-O 10. Ne2 b5 11. Ng3 Bb7 12. h3 Rfe8 13. Bf4 Ne5 14. Nd2 Rad8 15. Be3 d5 16. f4 d4 17. Bf2 Ng6 18. f5 Nf4 19. Nf3 Bf8 20. e5 N6d5 21. f6 gxf6 22. exf6 Nxf6 23. Re5 N6d5 24. Rg5+ Kh8 25. Qd2 Bh6 26. Qe1 Bxg5 27. Nxg5 f6 28. Nf3 Rg8 29. Nh4 Ne3 30. Bxe3 dxe3 31. Ne4 Nxh3+ 32. Kh1 Bxe4 33. dxe4 Nf2+ 34. Kg1 Qg3 35. Bxe6 Qxh4 0-1


[Site "https://www.chess.com"]

[Event "Titled Tuesday Blitz December 14 2021"]
[White "Kanyamarala, Tarun"]
[Black "Djordjevic, Vuk"]
[WhiteFideId "45004714"]
[BlackFideId "902098"]
[WhiteElo "2077"]
[BlackElo "2463"]
[Result "1-0"]
[Round "06"]
[TimeControl "180+1"]
[Date "2021.12.14"]
[WhiteClock "0:00:09"]
[BlackClock "0:00:01"]

1. d4 Nf6 2. c4 e6 3. Nc3 Bb4 4. Nf3 O-O 5. Bg5 d5 6. e3 c6 7. Bd3 Nbd7 8. O-O dxc4 9. Bxc4 b5 10. Bd3 Bb7 11. a3 Be7 12. b4 a5 13. Rb1 axb4 14. axb4 Ra3 15. Qc2 h6 16. Bh4 Nd5 17. Bxe7 Qxe7 18. Nxd5 exd5 19. Nd2 Rfa8 20. Nb3 Ra2 21. Qc1 R8a3 22. Rd1 Qf6 23. Rd2 Nb6 24. Na5 Bc8 25. Rxa2 Rxa2 26. Rb2 Ra3 27. Rd2 Ra4 28. Rb2 Nc4 29. Bxc4 dxc4 30. h3 Qd6 31. Qb1 g6 32. Qe1 Ra3 33. Rb1 Ra2 34. Rd1 Rb2 35. e4 Bd7 36. d5 c5 37. e5 Qe7 38. d6 Qe8 39. bxc5 Qd8 40. c6 Be6 41. c7 Qd7 42. Nb7 Kg7 43. Nc5 Qc6 44. d7 Bxd7 45. Nxd7 Qxc7 46. e6 fxe6 47. Qxe6 Qf4 48. Qe7+ Qf7 49. Qe5+ Kh7 50. Qxb2 h5 51. Nf6+ Kh6 52. Qd2+ Kg7 53. Ne4 Qf5 54. Qd4+ Kh6 55. Ng3 1-0


[Site "https://www.chess.com"]

[Event "Titled Tuesday Blitz December 14 2021"]
[White "Kashefi, Amir Hosein"]
[Black "Nazari, Arad"]
[WhiteFideId "12557935"]
[BlackFideId "12577324"]
[WhiteElo "2098"]
[BlackElo "2119"]
[Result "1-0"]
[Round "06"]
[TimeControl "180+1"]
[Date "2021.12.15"]
[WhiteClock "0:00:05"]
[BlackClock "0:00:15"]

1. d4 Nf6 2. Nf3 g6 3. g3 Bg7 4. Bg2 O-O 5. O-O d5 6. b3 c5 7. e3 Nc6 8. Bb2 Ne4 9. Nfd2 Nxd2 10. Qxd2 Bf5 11. c3 cxd4 12. cxd4 Be4 13. Bxe4 dxe4 14. Nc3 f5 15. Rfd1 Nb4 16. Nxe4 fxe4 17. Qxb4 Qd7 18. Rac1 Rf7 19. Qc4 Rf8 20. Rd2 e6 21. Ba3 Rd8 22. Qc2 Qd5 23. Rcd1 h5 24. Qc5 b6 25. Qxd5 Rxd5 26. Rc1 Ra5 27. Bb4 Rb5 28. Rc8+ Kh7 29. Bd6 Rbf5 30. Rc7 Rxc7 31. Bxc7 Rf8 32. Be5 Rc8 33. Bxg7 Kxg7 34. d5 Rd8 35. d6 Kf6 36. Rd4 e5 37. Rxe4 Rxd6 38. Ra4 a5 39. h4 Rd2 40. b4 axb4 41. Rxb4 Rxa2 42. Rxb6+ Kf5 43. e4+ Kxe4 44. Rxg6 Kf3 45. Rf6+ Ke4 46. Kg2 Kd5 47. Rh6 e4 48. Rxh5+ Ke6 49. Kf1 Ra1+ 50. Ke2 Ra2+ 51. Ke3 Ra4 52. Rh6+ Kf5 53. Rh5+ Kg4 54. Rg5+ Kh3 55. h5 Kg2 56. h6 Ra3+ 57. Kxe4 Kxf2 58. h7 Ra8 59. Rh5 Rh8 60. Kf4 Kg2 61. g4 Rf8+ 62. Kg5 Rh8 63. Kh6 Kg3 64. g5 Kg4 65. g6 Ra8 66. Rg5+ Kh4 67. g7 Ra6+ 68. Rg6 Ra5 69. g8=Q Rh5+ 70. Kg7 1-0


[Site "https://www.chess.com"]

[Event "Titled Tuesday Blitz December 14 2021"]
[White "Keymer, Vincent"]
[Black "Leitao, Rafael"]
[WhiteFideId "12940690"]
[BlackFideId "2101246"]
[WhiteElo "2557"]
[BlackElo "2609"]
[Result "0-1"]
[Round "06"]
[TimeControl "180+1"]
[Date "2021.12.14"]
[WhiteClock "0:00:06"]
[BlackClock "0:00:17"]

1. Nf3 Nf6 2. c4 e6 3. Nc3 d5 4. e3 a6 5. b3 c5 6. cxd5 exd5 7. g3 Nc6 8. Bg2 d4 9. Ne2 dxe3 10. fxe3 Be7 11. O-O O-O 12. Bb2 Bg4 13. a3 Qd7 14. Nf4 Rad8 15. d3 Nd5 16. Nxd5 Qxd5 17. Ne1 Qe6 18. Qc1 Bg5 19. Rf4 Bxf4 20. gxf4 Qg6 21. Kh1 Qh5 22. b4 cxb4 23. axb4 Bh3 24. Bf3 Bg4 25. Bg2 Bh3 26. Bf3 Qg6 27. Qc3 Rfe8 28. e4 Nd4 29. f5 Qg5 30. Bg2 Bxg2+ 31. Nxg2 Nf3 32. Rf1 Ne5 33. Nf4 Qg4 34. Nd5 h5 35. Qd2 Nf3 36. Qf2 Nh4 37. Rg1 Qf3+ 38. Qxf3 Nxf3 39. Rxg7+ Kf8 40. Rh7 Rxd5 41. Rh8+ Ke7 42. Rxe8+ Kxe8 43. exd5 Ne1 44. d4 Nd3 45. Bc3 Nf4 46. Bd2 Nxd5 47. Kg2 b6 48. Kf3 Kd7 49. Ke4 Kd6 50. h4 f6 51. Be1 Kc6 52. Kd3 Kb5 53. Ke4 Nxb4 54. d5 Nc2 55. Bg3 a5 56. Kd3 Na3 57. Kd4 Nc2+ 58. Kd3 Nb4+ 59. Kd4 a4 60. d6 Kc6 61. Kc4 a3 62. Bf2 a2 63. Bd4 Nc2 64. Bxf6 a1=Q 65. Bxa1 Nxa1 66. f6 Kxd6 67. Kb5 Ke6 68. Kxb6 Kxf6 69. Kc5 Kf5 70. Kd4 Kf4 71. Kd3 Nb3 72. Ke2 Kg3 73. Ke3 Nc5 74. Kd4 Kxh4 0-1


[Site "https://www.chess.com"]

[Event "Titled Tuesday Blitz December 14 2021"]
[White "Koellner, Ruben Gideon"]
[Black "Hakemi, Arman"]
[WhiteFideId "12993093"]
[BlackFideId "22520805"]
[WhiteElo "2577"]
[BlackElo "2208"]
[Result "1-0"]
[Round "06"]
[TimeControl "180+1"]
[Date "2021.12.15"]
[WhiteClock "0:00:16"]
[BlackClock "0:00:07"]

1. d4 Nf6 2. Bg5 Ne4 3. Bf4 d5 4. e3 c5 5. Bd3 cxd4 6. Bxe4 dxe4 7. exd4 Nc6 8. Ne2 Bg4 9. Nbc3 e6 10. Qd2 Bb4 11. O-O Bxe2 12. Qxe2 Bxc3 13. bxc3 f5 14. Rab1 Qd7 15. Rfd1 O-O 16. Qb5 b6 17. d5 exd5 18. Rxd5 Qc8 19. Qc4 Kh8 20. Rbd1 Na5 21. Qd4 Nc6 22. Qa4 Ne7 23. Rd7 Ng6 24. Be3 Rg8 25. Qd4 f4 26. Bc1 Qe8 27. c4 Qe6 28. Bb2 Rae8 29. Rxg7 Ne5 30. Rxg8+ Kxg8 31. Qxe5 Qxe5 32. Bxe5 Rxe5 33. Rd8+ Kf7 34. Rd7+ Kg6 35. Rxa7 Rc5 36. Ra6 Rxc4 37. Rxb6+ Kf5 38. Rb5+ Kg4 39. h3+ Kh4 40. Rf5 e3 41. fxe3 fxe3 42. Re5 Rxc2 43. a4 e2 44. Kh2 e1=Q 45. Rxe1 Ra2 46. Re5 h5 47. Re4+ Kg5 48. Rb4 Kf5 49. Rb5+ Kg6 50. a5 Ra3 51. Rb6+ Kg5 52. Rb5+ Kh4 53. g3+ 1-0


[Site "https://www.chess.com"]

[Event "Titled Tuesday Blitz December 14 2021"]
[White "Kucuksari, Kaan"]
[Black "Aghasiyev, Kamal"]
[WhiteFideId "6380166"]
[BlackFideId "13402854"]
[WhiteElo "2305"]
[BlackElo "2210"]
[Result "1-0"]
[Round "06"]
[TimeControl "180+1"]
[Date "2021.12.15"]
[WhiteClock "0:00:04"]
[BlackClock "0:00:04"]

1. d4 Nf6 2. c4 g6 3. g3 c6 4. Bg2 d5 5. Qa4 Bg7 6. cxd5 Nxd5 7. Nf3 O-O 8. O-O Nb6 9. Qc2 Bf5 10. e4 Bg4 11. Rd1 Na6 12. e5 f6 13. Bf4 Nb4 14. Qb3+ N4d5 15. Nc3 Kh8 16. Nxd5 Nxd5 17. exf6 Bxf6 18. Be5 Qb6 19. Qxb6 axb6 20. h3 Bxf3 21. Bxf3 Bxe5 22. Bxd5 Bxg3 23. fxg3 cxd5 24. Rf1 Rxf1+ 25. Kxf1 Kg7 26. a3 Rc8 27. Re1 Kf6 28. Re3 Rc4 29. Rb3 Rc6 30. Ke2 Ke6 31. h4 Kd7 32. Ke3 Rf6 33. Ke2 h6 34. Rb5 Kc6 35. Rb3 Re6+ 36. Kd3 Re4 37. Rc3+ Kd7 38. Rb3 Rg4 39. Rxb6 Rxg3+ 40. Ke2 Kc7 41. Re6 Rb3 42. Rxg6 Rxb2+ 43. Ke3 Rb3+ 44. Kf4 Rxa3 45. Ke5 Rh3 46. Rxh6 b5 47. Kxd5 b4 48. Rh7 b3 49. Rxe7+ Kb6 50. Re8 Kb7 51. Re7+ Ka6 52. Re8 Rxh4 53. Rb8 Rh3 54. Kc4 b2 55. Rxb2 Ka7 56. Kc5 Rc3+ 57. Kd6 Rc8 58. d5 Rd8+ 59. Kc6 Rc8+ 60. Kd7 Rc1 61. d6 Rd1 62. Rb3 Ka6 63. Kc7 Rc1+ 64. Kd8 Rd1 65. d7 Ka7 66. Rb2 Rd3 67. Rb4 Rd1 68. Kc7 Rc1+ 69. Kd6 Rd1+ 70. Kc6 Rc1+ 71. Kd5 Rc8 72. dxc8=N+ Ka6 73. Nd6 Ka5 74. Rb1 Ka6 75. Nb7 Ka7 76. Nd8 1-0


[Site "https://www.chess.com"]

[Event "Titled Tuesday Blitz December 14 2021"]
[White "Lazavik, Denis"]
[Black "Maly, Alexey"]
[WhiteFideId "13515110"]
[BlackFideId "14103184"]
[WhiteElo "2436"]
[BlackElo "2294"]
[Result "0-1"]
[Round "06"]
[TimeControl "180+1"]
[Date "2021.12.14"]
[WhiteClock "0:00:01"]
[BlackClock "0:00:07"]

1. d4 d5 2. c4 dxc4 3. Nf3 Nf6 4. e3 e6 5. Bxc4 a6 6. O-O b5 7. Bd3 Bb7 8. Qe2 Nbd7 9. e4 Be7 10. Rd1 O-O 11. e5 Nd5 12. Qe4 g6 13. Qg4 Re8 14. h4 c5 15. h5 Nf8 16. Bh6 cxd4 17. hxg6 hxg6 18. Nxd4 Qb6 19. Nd2 Rad8 20. N2f3 Nb4 21. Bxf8 Bxf3 22. Qxf3 Rxd4 23. Bxe7 Rxe7 24. Be4 Red7 25. a3 Nd5 26. Rac1 Rxd1+ 27. Rxd1 Qc5 28. g3 Nb6 29. Re1 Qxe5 30. Re2 Qd4 31. Kg2 Kg7 32. b3 Nd5 33. Rc2 Nf6 34. Bc6 Rc7 35. Re2 Qc5 36. Be4 Qxa3 37. Re3 Qb4 38. g4 Rc5 39. Bb7 Rg5 40. Bxa6 Rxg4+ 41. Kf1 Qa3 42. Bxb5 Qc1+ 43. Re1 Qg5 44. Bc4 Rg1+ 45. Ke2 Qe5+ 46. Qe3 Qb2+ 47. Kf3 Rg4 48. Re2 Qa1 49. Qe5 Qd1 50. Qc3 Qh1+ 51. Ke3 Re4+ 52. Kd2 Qh6+ 53. Kd1 Qh1+ 54. Kc2 Rxe2+ 55. Bxe2 Qe4+ 56. Bd3 Qf4 57. Qd2 Qd6 58. Bc4 Qe5 59. Qc3 Qf5+ 60. Kb2 Qxf2+ 61. Ka3 Qa7+ 62. Kb2 Qf2+ 63. Ka3 g5 64. b4 g4 65. Qe5 g3 66. Qg5+ Kf8 67. Qh6+ Ke7 68. Qg5 g2 0-1


[Site "https://www.chess.com"]

[Event "Titled Tuesday Blitz December 14 2021"]
[White "Le, Tuan Minh"]
[Black "Acor, Corey"]
[WhiteFideId "12401153"]
[BlackFideId "2024861"]
[WhiteElo "2450"]
[BlackElo "2303"]
[Result "1-0"]
[Round "06"]
[TimeControl "180+1"]
[Date "2021.12.14"]
[WhiteClock "0:01:31"]
[BlackClock "0:00:09"]

1. d4 Nf6 2. Nf3 d5 3. Bf4 e6 4. e3 Bd6 5. Nbd2 c5 6. c3 Nc6 7. Bg3 Qe7 8. Bb5 O-O 9. Bxc6 bxc6 10. Qa4 cxd4 11. cxd4 c5 12. Bxd6 Qxd6 13. Qa3 Nd7 14. Rc1 e5 15. dxc5 Qc6 16. O-O a5 17. Rfd1 Bb7 18. Qc3 f6 19. Nb3 Qa6 20. c6 Rac8 21. Nxa5 Ba8 22. Rxd5 Nb6 23. Rdd1 Kh8 24. b4 Na4 25. Qb3 Nb6 26. h3 Rc7 27. Nh4 Rfc8 28. Nf5 g6 29. Nd6 Rf8 30. Qe6 Nc8 31. Nxc8 Qxc8 32. Qxc8 Rcxc8 33. b5 1-0


[Site "https://www.chess.com"]

[Event "Titled Tuesday Blitz December 14 2021"]
[White "Lewicki, Miroslaw"]
[Black "Yeremyan, Alen"]
[WhiteFideId "1113380"]
[BlackFideId "13308998"]
[WhiteElo "2283"]
[BlackElo "2158"]
[Result "1/2-1/2"]
[Round "06"]
[TimeControl "180+1"]
[Date "2021.12.15"]
[WhiteClock "0:00:06"]
[BlackClock "0:00:10"]

1. g3 Nf6 2. Bg2 d5 3. Nf3 g6 4. O-O Bg7 5. c3 O-O 6. d3 c5 7. Re1 Nc6 8. Qc2 b6 9. e4 e6 10. Bf4 Bb7 11. Na3 a6 12. Rad1 b5 13. Ne5 Ne7 14. exd5 Nexd5 15. Qd2 Qb6 16. Bh6 Rad8 17. h4 Ne7 18. Bxg7 Kxg7 19. Bxb7 Qxb7 20. Nc2 Nf5 21. Ne3 Nh6 22. Ng2 Nf5 23. Nf4 Rd6 24. h5 Rfd8 25. Qe2 g5 26. Ng2 h6 27. Ne3 Nxe3 28. Qxe3 Qd5 29. a3 Nxh5 30. d4 c4 31. Nf3 Nf6 32. Nh2 Qf5 33. Qe2 Qg6 34. Qf3 Rd5 35. Re3 Rf5 36. Qe2 Nd5 37. Re5 Rxe5 38. dxe5 h5 39. Nf3 Qf5 40. Nd4 Qg6 41. Kg2 Rh8 42. Rh1 h4 43. Qg4 hxg3 44. Rxh8 Nf4+ 45. Kxg3 Kxh8 46. Nf3 Kg7 47. Nxg5 Nd3 48. f4 Nxb2 49. Qf3 Nd3 50. Qc6 Nxe5 51. fxe5 Qxg5+ 52. Kf3 Qf5+ 53. Kg2 Qxe5 54. Qxa6 Qd5+ 55. Kf2 Qd2+ 56. Kg1 Qe3+ 57. Kh1 Qxc3 58. Qxb5 Qe1+ 59. Kh2 c3 60. Qg5+ Kh8 61. Qh6+ Kg8 62. Qg5+ Kf8 63. Qd8+ Kg7 64. Qg5+ Kh7 65. Qh5+ Kg8 66. Qg5+ Kh8 67. Qh5+ Kg8 68. Qg5+ 1/2-1/2


[Site "https://www.chess.com"]

[Event "Titled Tuesday Blitz December 14 2021"]
[White "Liyanage, Ranindu Dilshan"]
[Black "Brunner, Nicolas"]
[WhiteFideId "9915834"]
[BlackFideId "620246"]
[WhiteElo "1839"]
[BlackElo "2372"]
[Result "1-0"]
[Round "06"]
[TimeControl "180+1"]
[Date "2021.12.15"]
[WhiteClock "0:00:19"]
[BlackClock "0:00:14"]

1. e4 e5 2. Nf3 Nc6 3. Bb5 a6 4. Ba4 Nf6 5. O-O Be7 6. d3 b5 7. Bb3 d6 8. c3 O-O 9. a4 Bd7 10. Re1 Na5 11. Bc2 c5 12. Nbd2 Qc7 13. Nf1 Rfe8 14. Bg5 h6 15. Bh4 Nh5 16. Bxe7 Rxe7 17. Ne3 Nf6 18. Nh4 g6 19. Qf3 Re6 20. axb5 axb5 21. b4 cxb4 22. cxb4 Qc3 23. bxa5 Rxa5 24. Rac1 b4 25. Nc4 Ra8 26. Nb6 Ra7 27. Ba4 Qd4 28. Bxd7 Nxd7 29. Rc8+ Kg7 30. Nd5 Nf6 31. Ne3 Ra1 32. Rxa1 Qxa1+ 33. Qd1 Qa6 34. Rc4 Qa3 35. Nc2 Qa7 36. Nxb4 Ng4 37. Rc2 Rf6 38. Nf3 Qa4 39. Nd5 Re6 40. h3 Nf6 41. Nxf6 Rxf6 42. d4 exd4 43. Rd2 Qa8 44. Rxd4 g5 45. Rxd6 Qxe4 46. Rxf6 Kxf6 47. Qd4+ Qxd4 48. Nxd4 Ke5 49. Ne2 Ke4 50. Ng3+ Kf4 51. Kf1 f5 52. Ke2 Ke5 53. Kf3 Kf6 54. Ne2 Ke5 55. g4 f4 56. Nc3 Kd4 57. Ne4 Ke5 58. Nc5 Kd6 59. Nd3 Kd5 60. Nxf4+ 1-0


[Site "https://www.chess.com"]

[Event "Titled Tuesday Blitz December 14 2021"]
[White "Maksimenko, Viktor"]
[Black "Ibarra Jerez, Jose Carlos"]
[WhiteFideId "13710478"]
[BlackFideId "2226332"]
[WhiteElo "2269"]
[BlackElo "2626"]
[Result "0-1"]
[Round "06"]
[TimeControl "180+1"]
[Date "2021.12.14"]
[WhiteClock "0:01:34"]
[BlackClock "0:01:19"]

1. d4 Nf6 2. c4 d6 3. Nc3 e5 4. Nf3 e4 5. Ng5 Qe7 6. Qc2 Bf5 7. f3 Nc6 8. e3 Nxd4 9. Qa4+ Nc6 10. g4 Bd7 11. Ngxe4 Nxe4 12. Nxe4 Ne5 13. Qd1 Nxg4 14. Bd2 Bc6 15. Qe2 Bxe4 16. fxe4 Qh4+ 17. Kd1 Nf2+ 18. Kc2 Nxh1 19. Bg2 Nf2 20. Be1 Be7 21. Bxf2 Qxh2 22. Bf3 Bh4 23. Bxh4 Qxh4 0-1


[Site "https://www.chess.com"]

[Event "Titled Tuesday Blitz December 14 2021"]
[White "Martinez Alcantara, Jose Eduardo"]
[Black "Belous, Vladimir"]
[WhiteFideId "3805662"]
[BlackFideId "4174003"]
[WhiteElo "2690"]
[BlackElo "2510"]
[Result "1-0"]
[Round "06"]
[TimeControl "180+1"]
[Date "2021.12.14"]
[WhiteClock "0:00:15"]
[BlackClock "0:00:05"]

1. e4 c5 2. Nf3 Nc6 3. c3 Nf6 4. Bd3 g6 5. O-O Bg7 6. Bc2 O-O 7. h3 d6 8. Re1 e5 9. d3 d5 10. Nbd2 h6 11. Ba4 Re8 12. a3 Bd7 13. b4 b6 14. Nf1 d4 15. c4 cxb4 16. Bxc6 Bxc6 17. axb4 b5 18. c5 Nh5 19. g3 f5 20. Nh4 fxe4 21. dxe4 Kh7 22. Nxg6 Kxg6 23. Qg4+ Kh7 24. Qxh5 Qf6 25. g4 Rf8 26. Qf5+ Qxf5 27. gxf5 Bb7 28. Nh2 h5 29. Nf3 Bf6 30. Bg5 Kg7 31. Kh2 Kf7 32. h4 Rfc8 33. Ra5 a6 34. Nd2 Rc7 35. Rg1 Rac8 36. Bxf6 Kxf6 37. Rg6+ Kf7 38. Nf3 Re8 39. Ng5+ Ke7 40. Rg7+ Kd8 41. Ne6+ Rxe6 42. Rxc7 Kxc7 43. fxe6 Bxe4 44. Rxa6 d3 45. Rd6 Bg6 46. e7 e4 47. Rxg6 d2 48. e8=Q 1-0


[Site "https://www.chess.com"]

[Event "Titled Tuesday Blitz December 14 2021"]
[White "Mickiewicz, Piotr"]
[Black "Stanisz, Patryk"]
[WhiteFideId "1114891"]
[BlackFideId "1123106"]
[WhiteElo "2266"]
[BlackElo "1978"]
[Result "1/2-1/2"]
[Round "06"]
[TimeControl "180+1"]
[Date "2021.12.15"]
[WhiteClock "0:00:06"]
[BlackClock "0:00:04"]

1. e4 c5 2. Nf3 Nc6 3. d4 cxd4 4. Nxd4 Nf6 5. Nc3 e5 6. Ndb5 d6 7. Bg5 a6 8. Na3 b5 9. Nd5 Qa5+ 10. Bd2 Qd8 11. c4 Nxe4 12. cxb5 Nd4 13. b6 Bb7 14. Nc7+ Ke7 15. Nxa8 Bxa8 16. f3 Nxd2 17. Qxd2 Qxb6 18. Nc4 Qb7 19. Bd3 f5 20. O-O Kf7 21. Rac1 Be7 22. Ne3 g6 23. Bc4+ Kg7 24. Bd5 Qb6 25. Bxa8 Rxa8 26. Kh1 Bg5 27. Qf2 Rb8 28. b3 Ne6 29. Rc3 Qd4 30. Nd1 Qb4 31. Qe2 Nd4 32. Qc4 Qb7 33. Qc7+ Kf6 34. Qxb7 Rxb7 35. Ne3 Nb5 36. Nd5+ Ke6 37. Rd3 e4 38. fxe4 fxe4 39. Rdd1 Ke5 40. Rfe1 Nd4 41. Ne3 d5 42. g3 Nf5 43. Nxd5 Rd7 44. Nc3 Rxd1 45. Nxd1 e3 46. Nxe3 Ke4 47. Kg2 Nxe3+ 48. Kf2 Kd3 49. Kf3 Nd5 50. Re2 Nc3 51. Re6 Nxa2 52. Rd6+ Kc3 53. Rxa6 Kxb3 54. Ra7 h6 55. Rg7 Nc3 56. Rxg6 Nd5 57. h4 Bd2 58. Rc6 Nb4 59. Rc5 Nd3 60. Rc8 Bc3 61. Ke4 Nb4 62. Kf5 Be1 63. Kg4 h5+ 64. Kh3 Bc3 65. Re8 Kc2 66. Re6 Nd3 67. Rh6 Be1 68. Rxh5 Kd2 69. Kg2 Ke2 70. Rf5 Kd2 71. Rf7 Nc1 72. Re7 Ne2 73. Re8 Nd4 74. g4 Bxh4 75. Kh3 Bg5 76. Re5 Be3 77. Rd5 Ke2 78. g5 Nf3 79. g6 Bh6 80. Kg4 Bg7 81. Rd7 Be5 82. Re7 Kd3 83. Kf5 Bd4 84. Kf4 Nh4 85. Rd7 Nxg6+ 86. Kf5 Ne5 87. Rd6 Nc4 88. Rd7 Ne3+ 89. Ke6 Nc4 90. Rd8 Ne3 91. Rxd4+ Kxd4 1/2-1/2


[Site "https://www.chess.com"]